TOP OF THE 1ST |
Wilmington Bay Hawks batting - Pitching for Port Royal Disaster : RHP Artie Horton
|
Pitching: RHP Artie Horton
|
|
Batting: LHB Brad Lawrence
|
0-0: Foul Ball, location: 2F 0-1: Ball 1-1: Foul Ball, location: 2F 1-2: Foul Ball, location: 2F 1-2: Foul Ball, location: 2F 1-2: Foul Ball, location: 2F 1-2: Foul Ball, location: 2F 1-2: Ball 2-2: Fly out, F6 (Popup, 56D)
|
Batting: RHB Phil Terry
|
0-0: Ball 1-0: Fly out, F8 (Flyball, 8LD)
|
Batting: RHB Tanyu Kimura
|
0-0: Ground out 5-3 (Groundball, 56S)
|
Top of the 1st over - 0 run(s), 0 hit(s), 0 error(s), 0 left on base; Wilmington 0 - Port Royal 0 |
BOTTOM OF THE 1ST |
Port Royal Disaster batting - Pitching for Wilmington Bay Hawks : RHP Augusto Ramos
|
Pitching: RHP Augusto Ramos
|
|
Batting: RHB Manuel Becerra
|
0-0: Called Strike 0-1: Ball 1-1: Foul Ball, location: 2F 1-2: Ball 2-2: Foul Ball, location: 2F 2-2: Ball 3-2: Base on Balls
|
Batting: RHB Sergio Martínez
|
0-0: Called Strike 0-1: Swinging Strike 0-2: Foul Ball, location: 2F 0-2: Strikes out swinging
|
Batting: LHB Davis Mills
|
0-0: Called Strike Manuel Becerra steals 2nd base 0-1: Called Strike 0-2: Strikes out swinging
|
Batting: RHB Martín Méndez
|
0-0: Called Strike 0-1: Called Strike 0-2: Strikes out looking
|
Bottom of the 1st over - 0 run(s), 0 hit(s), 0 error(s), 1 left on base; Wilmington 0 - Port Royal 0 |
TOP OF THE 2ND |
Wilmington Bay Hawks batting - Pitching for Port Royal Disaster : RHP Artie Horton
|
Batting: LHB Jorge Mojica
|
0-0: Ball 1-0: Ball 2-0: Fly out, F6 (Flyball, 6MD)
|
Batting: RHB Byron Isaacson
|
0-0: Ball 1-0: Ball 2-0: Ball 3-0: Called Strike 3-1: Foul Ball, location: 2F 3-2: SINGLE (Line Drive, 8RS)
|
Batting: RHB Raúl Guerrero
|
0-0: Called Strike 0-1: Called Strike 0-2: Ball 1-2: Grounds into double play, 5-4-3 (Groundball, 56)
|
Top of the 2nd over - 0 run(s), 1 hit(s), 0 error(s), 0 left on base; Wilmington 0 - Port Royal 0 |
BOTTOM OF THE 2ND |
Port Royal Disaster batting - Pitching for Wilmington Bay Hawks : RHP Augusto Ramos
|
Batting: LHB Chia-ch'ing Dodman
|
0-0: Ball 1-0: Ball 2-0: Called Strike 2-1: Foul Ball, location: 2F 2-2: Foul Ball, location: 2F 2-2: Strikes out looking
|
Batting: SHB Arsenio Sameiro
|
0-0: Ground out 4-3 (Groundball, 4)
|
Batting: LHB José Martínez
|
0-0: Swinging Strike 0-1: Called Strike 0-2: Foul Ball, location: 2F 0-2: Ball 1-2: Foul Ball, location: 2F 1-2: SINGLE (Flyball, 9LS)
|
Batting: RHB Ronnie Cleveland
|
0-0: Ball 1-0: Ball 2-0: Ball 3-0: Called Strike 3-1: SINGLE (Groundball, 6MD) José Martínez to second
|
Batting: RHB Aurelio García
|
0-0: Swinging Strike 0-1: Ball 1-1: Called Strike 1-2: Ball 2-2: Foul Ball, location: 2F 2-2: Strikes out swinging
|
Bottom of the 2nd over - 0 run(s), 2 hit(s), 0 error(s), 2 left on base; Wilmington 0 - Port Royal 0 |
TOP OF THE 3RD |
Wilmington Bay Hawks batting - Pitching for Port Royal Disaster : RHP Artie Horton
|
Batting: RHB Abdul-Fattah bin Najjar
|
0-0: Ground out 4-3 (Groundball, 4)
|
Batting: RHB Broderick Terry
|
0-0: Foul Ball, location: 2F 0-1: Foul Ball, location: 2F 0-2: Ground out 5-3 (Groundball, 5S)
|
Batting: RHB Jaime Chavarriaga
|
0-0: Ball 1-0: Fly out, F7 (Flyball, 7LMF)
|
Top of the 3rd over - 0 run(s), 0 hit(s), 0 error(s), 0 left on base; Wilmington 0 - Port Royal 0 |
BOTTOM OF THE 3RD |
Port Royal Disaster batting - Pitching for Wilmington Bay Hawks : RHP Augusto Ramos
|
Batting: RHB Manuel Becerra
|
0-0: Called Strike 0-1: Ball 1-1: Ball 2-1: Foul Ball, location: 2F 2-2: Ball 3-2: Foul Ball, location: 2F 3-2: Strikes out looking
|
Batting: RHB Sergio Martínez
|
0-0: Ball 1-0: Ball 2-0: Ball 3-0: Called Strike 3-1: Called Strike 3-2: SINGLE (Line Drive, 7S)
|
Batting: LHB Davis Mills
|
0-0: Foul Ball, location: 2F 0-1: Ball 1-1: Ball Sergio Martínez steals 2nd base 2-1: Foul Ball, location: 2F 2-2: SINGLE (Groundball, 3S) (infield hit) Sergio Martínez to third
|
Batting: RHB Martín Méndez
|
0-0: Called Strike 0-1: Ball 1-1: Swinging Strike 1-2: Ball 2-2: Fly out, F9 (Flyball, 9) Runner from 3rd tags up, SCORES, throw made
|
Batting: LHB Chia-ch'ing Dodman
|
0-0: Ball 1-0: Called Strike 1-1: Called Strike 1-2: Ball 2-2: Foul Ball, location: 2F 2-2: Foul Ball, location: 2F 2-2: Ball 3-2: Foul Ball, location: 2F 3-2: Foul Ball, location: 2F 3-2: SINGLE (Groundball, 4D) Davis Mills to second Davis Mills to third
|
Batting: SHB Arsenio Sameiro
|
0-0: Foul Ball, location: 2F 0-1: Foul Ball, location: 2F 0-2: Ball 1-2: Ground out 6-3 (Groundball, 6M)
|
Bottom of the 3rd over - 1 run(s), 3 hit(s), 0 error(s), 2 left on base; Wilmington 0 - Port Royal 1 |
TOP OF THE 4TH |
Wilmington Bay Hawks batting - Pitching for Port Royal Disaster : RHP Artie Horton
|
Batting: LHB Brad Lawrence
|
0-0: Ball 1-0: Swinging Strike 1-1: Called Strike 1-2: Ball 2-2: Strikes out swinging
|
Batting: RHB Phil Terry
|
0-0: Foul Ball, location: 2F 0-1: Ball 1-1: Foul Ball, location: 2F 1-2: Foul Ball, location: 2F 1-2: Ball 2-2: Foul Ball, location: 2F 2-2: Ball 3-2: Ground out 5-3 (Groundball, 56)
|
Batting: RHB Tanyu Kimura
|
0-0: Called Strike 0-1: Ball 1-1: Foul Ball, location: 2F 1-2: Ball 2-2: SOLO HOME RUN (Flyball, 7D), Distance : 392 ft
|
Batting: LHB Jorge Mojica
|
0-0: Ball 1-0: Called Strike 1-1: Called Strike 1-2: Ball 2-2: Foul Ball, location: 2F 2-2: Ground out 4-3 (Groundball, 4)
|
Top of the 4th over - 1 run(s), 1 hit(s), 0 error(s), 0 left on base; Wilmington 1 - Port Royal 1 |
BOTTOM OF THE 4TH |
Port Royal Disaster batting - Pitching for Wilmington Bay Hawks : RHP Augusto Ramos
|
Batting: LHB José Martínez
|
0-0: Ball 1-0: Foul Ball, location: 2F 1-1: Called Strike 1-2: Fly out, F9 (Flyball, 9D)
|
Batting: RHB Ronnie Cleveland
|
0-0: Foul Ball, location: 2F 0-1: Ball 1-1: SINGLE (Flyball, 9LM)
|
Pitching: RHP Robby McDonald
|
|
Batting: RHB Aurelio García
|
0-0: Ball 1-0: Called Strike 1-1: Ball 2-1: Ball 3-1: Base on Balls Ronnie Cleveland to second
|
Batting: RHB Manuel Becerra
|
0-0: Ball 1-0: Foul Ball, location: 2F 1-1: Ball 2-1: Foul Ball, location: 2F 2-2: SINGLE (Line Drive, 7LM) Ronnie Cleveland to third Aurelio García to second Runner from 3rd tries for Home, SAFE, throw made home Aurelio García to third Manuel Becerra to second
|
Batting: RHB Sergio Martínez
|
0-0: Foul Ball, location: 2F 0-1: Called Strike 0-2: Ball Wild Pitch! Aurelio García scores Manuel Becerra to third 1-2: Foul Ball, location: 2F 1-2: Foul Ball, location: 2F 1-2: Ball 2-2: DOUBLE (Flyball, 9LM) Manuel Becerra scores
|
Batting: LHB Davis Mills
|
0-0: Called Strike 0-1: Swinging Strike 0-2: Ball 1-2: Ball 2-2: Foul Ball, location: 2F 2-2: Strikes out looking
|
Batting: RHB Martín Méndez
|
0-0: Called Strike 0-1: Called Strike 0-2: Foul Ball, location: 2F 0-2: Ball 1-2: Ball 2-2: Fly out, F8 (Line Drive, 8RD)
|
Bottom of the 4th over - 3 run(s), 3 hit(s), 0 error(s), 1 left on base; Wilmington 1 - Port Royal 4 |
TOP OF THE 5TH |
Wilmington Bay Hawks batting - Pitching for Port Royal Disaster : RHP Artie Horton
|
Batting: RHB Byron Isaacson
|
0-0: Called Strike 0-1: Called Strike 0-2: Strikes out looking
|
Batting: RHB Raúl Guerrero
|
0-0: Called Strike 0-1: Swinging Strike 0-2: Foul Ball, location: 2F 0-2: Foul Ball, location: 2F 0-2: Foul Ball, location: 2F 0-2: Ball 1-2: Foul Ball, location: 2F 1-2: Strikes out looking
|
Batting: RHB Abdul-Fattah bin Najjar
|
0-0: Ball 1-0: Swinging Strike 1-1: Ball 2-1: SINGLE (Line Drive, 4MD)
|
Batting: RHB Broderick Terry
|
0-0: Ball 1-0: Ball 2-0: Swinging Strike 2-1: Ball 3-1: Called Strike 3-2: Strikes out swinging
|
Top of the 5th over - 0 run(s), 1 hit(s), 0 error(s), 1 left on base; Wilmington 1 - Port Royal 4 |
BOTTOM OF THE 5TH |
Port Royal Disaster batting - Pitching for Wilmington Bay Hawks : RHP Robby McDonald
|
Batting: LHB Chia-ch'ing Dodman
|
0-0: Ball 1-0: Ball 2-0: Fly out, F8 (Flyball, 8RM)
|
Batting: SHB Arsenio Sameiro
|
0-0: Ground out 3-1 (Groundball, 34)
|
Batting: LHB José Martínez
|
0-0: Foul Ball, location: 2F 0-1: Ball 1-1: Swinging Strike 1-2: Strikes out looking
|
Bottom of the 5th over - 0 run(s), 0 hit(s), 0 error(s), 0 left on base; Wilmington 1 - Port Royal 4 |
TOP OF THE 6TH |
Wilmington Bay Hawks batting - Pitching for Port Royal Disaster : RHP Artie Horton
|
Batting: RHB Jaime Chavarriaga
|
0-0: Foul Ball, location: 2F 0-1: Swinging Strike 0-2: Strikes out swinging
|
Batting: LHB Brad Lawrence
|
0-0: Called Strike 0-1: Fly out, F4 (Popup, 34)
|
Batting: RHB Phil Terry
|
0-0: Called Strike 0-1: Foul Ball, location: 2F 0-2: Ball 1-2: Ball 2-2: Hit by Pitch
|
Pitching: LHP António Venegas
|
|
Batting: RHB Tanyu Kimura
|
0-0: Foul Ball, location: 2F 0-1: Ball Wild Pitch! Phil Terry to second 1-1: Ground out 6-3 (Groundball, 6)
|
Top of the 6th over - 0 run(s), 0 hit(s), 0 error(s), 1 left on base; Wilmington 1 - Port Royal 4 |
BOTTOM OF THE 6TH |
Port Royal Disaster batting - Pitching for Wilmington Bay Hawks : RHP Robby McDonald
|
Batting: RHB Ronnie Cleveland
|
0-0: Ball 1-0: Called Strike 1-1: Foul Ball, location: 2F 1-2: Ground out 6-3 (Groundball, 6)
|
Batting: RHB Aurelio García
|
0-0: Ball 1-0: Ball 2-0: Called Strike 2-1: Foul Ball, location: 2F 2-2: Ball 3-2: Base on Balls
|
Batting: RHB Manuel Becerra
|
0-0: Ball 1-0: Ball 2-0: Foul Ball, location: 2F 2-1: Ball 3-1: Foul Ball, location: 2F 3-2: Ground out 5-3 (Groundball, 25) Aurelio García to second
|
Pitching: LHP Dalton García
|
|
Batting: RHB Sergio Martínez
|
0-0: Called Strike 0-1: Called Strike 0-2: Ball 1-2: Fly out, F4 (Line Drive, 4M)
|
Bottom of the 6th over - 0 run(s), 0 hit(s), 0 error(s), 1 left on base; Wilmington 1 - Port Royal 4 |
TOP OF THE 7TH |
Wilmington Bay Hawks batting - Pitching for Port Royal Disaster : LHP António Venegas
|
Batting: LHB Jorge Mojica
|
0-0: Called Strike 0-1: SOLO HOME RUN (Flyball, 9D), Distance : 416 ft
|
Batting: RHB Byron Isaacson
|
0-0: Swinging Strike 0-1: Ball 1-1: Called Strike 1-2: Ball 2-2: Foul Ball, location: 2F 2-2: Foul Ball, location: 2F 2-2: Foul Ball, location: 2F 2-2: Foul Ball, location: 2F 2-2: Foul Ball, location: 2F 2-2: Ground out 4-3 (Groundball, 4M)
|
Batting: RHB Raúl Guerrero
|
0-0: Foul Ball, location: 2F 0-1: Ground out 5-3 (Groundball, 5)
|
Batting: RHB Abdul-Fattah bin Najjar
|
0-0: Called Strike 0-1: Ball 1-1: SINGLE (Groundball, 56D)
|
Batting: RHB Broderick Terry
|
0-0: Ball 1-0: Called Strike 1-1: Ball 2-1: Ball 3-1: Foul Ball, location: 2F 3-2: Base on Balls Abdul-Fattah bin Najjar to second
|
Pinch Hitting: RHB Artie Miller
|
0-0: Called Strike 0-1: Fly out, F7 (Flyball, 7)
|
Top of the 7th over - 1 run(s), 2 hit(s), 0 error(s), 2 left on base; Wilmington 2 - Port Royal 4 |
BOTTOM OF THE 7TH |
Port Royal Disaster batting - Pitching for Wilmington Bay Hawks : LHP Dalton García
|
Now at 3B: Shawn Sánchez
|
|
Batting: LHB Davis Mills
|
0-0: Called Strike 0-1: Ground out 4-3 (Groundball, 4)
|
Batting: RHB Martín Méndez
|
0-0: Ball 1-0: Ball 2-0: Foul Ball, location: 2F 2-1: Foul Ball, location: 2F 2-2: Ball 3-2: SINGLE (Groundball, 6MS) (infield hit)
|
Batting: LHB Chia-ch'ing Dodman
|
0-0: Ball 1-0: Foul Ball, location: 2F 1-1: Swinging Strike 1-2: Fly out, F5 (Popup, 56S)
|
Batting: SHB Arsenio Sameiro
|
0-0: Ball 1-0: Ball 2-0: Fielders Choice at 2nd, 6-4 (Groundball, 56)
|
Bottom of the 7th over - 0 run(s), 1 hit(s), 0 error(s), 0 left on base; Wilmington 2 - Port Royal 4 |
TOP OF THE 8TH |
Wilmington Bay Hawks batting - Pitching for Port Royal Disaster : LHP António Venegas
|
Batting: LHB Brad Lawrence
|
0-0: Ball 1-0: Called Strike 1-1: Fly out, F7 (Line Drive, 7)
|
Batting: RHB Phil Terry
|
0-0: Ball 1-0: Called Strike 1-1: Swinging Strike 1-2: SINGLE (Line Drive, 34)
|
Pitching: RHP Roberto Gómez
|
|
Batting: RHB Tanyu Kimura
|
0-0: Called Strike 0-1: Ball 1-1: Foul Ball, location: 2F 1-2: Ball 2-2: Ball 3-2: SINGLE (Line Drive, 6MD) Phil Terry to second
|
Pitching: RHP Juan Carlos Maestas
|
|
Batting: LHB Jorge Mojica
|
0-0: Called Strike 0-1: Foul Ball, location: 2F 0-2: DOUBLE (Flyball, 7LM) Phil Terry scores Tanyu Kimura to third Runner from 3rd tries for Home, SAFE, throw made home
|
Batting: RHB Byron Isaacson
|
0-0: Intentional Walk
|
Batting: RHB Raúl Guerrero
|
0-0: Swinging Strike 0-1: Ball 1-1: Ground out 5-3 (Groundball, 56S) Jorge Mojica to third Byron Isaacson to second
|
Batting: RHB Abdul-Fattah bin Najjar
|
0-0: Foul Ball, location: 2F 0-1: Called Strike 0-2: Ball 1-2: Strikes out swinging
|
Top of the 8th over - 2 run(s), 3 hit(s), 0 error(s), 2 left on base; Wilmington 4 - Port Royal 4 |
BOTTOM OF THE 8TH |
Port Royal Disaster batting - Pitching for Wilmington Bay Hawks : LHP Dalton García
|
Pinch Hitting: RHB Brandon Cooper
|
0-0: Ball 1-0: Reached on error, E4 (Groundball, 4)
|
Batting: RHB Ronnie Cleveland
|
0-0: Ball 1-0: Ball 2-0: Bunted foul 2-1: Sac Bunt - play at first, batter OUT! 2-4 Brandon Cooper to second
|
Pinch Hitting: RHB Jason Boyer
|
0-0: Ball 1-0: Ball 2-0: Swinging Strike 2-1: Called Strike 2-2: Ball 3-2: Base on Balls
|
Pinch Runner at 2nd Bob Rogers:
|
|
Batting: RHB Manuel Becerra
|
0-0: Foul Ball, location: 2F 0-1: Ball 1-1: Ball 2-1: SINGLE (Groundball, 56D) Bob Rogers to third Jason Boyer to second Runner from 3rd tries for Home, SAFE, no throw
|
Batting: RHB Sergio Martínez
|
0-0: Called Strike 0-1: Ball 1-1: Fly out, F6 (Popup, 5D)
|
Batting: LHB Davis Mills
|
0-0: Ball 1-0: Fielders Choice at 2nd, 4-6 (Groundball, 4)
|
Bottom of the 8th over - 1 run(s), 1 hit(s), 1 error(s), 1 left on base; Wilmington 4 - Port Royal 5 |
TOP OF THE 9TH |
Wilmington Bay Hawks batting - Pitching for Port Royal Disaster : RHP Juan Carlos Maestas
|
Pitching: LHP Aukukero Mincarlie Jr.
|
|
Now at 2B: Ángel Bruno
|
|
Now in LF: Bob Rogers
|
|
Now in RF: Jason Boyer
|
|
Batting: RHB Broderick Terry
|
0-0: DOUBLE (Flyball, 78XD)
|
Pinch Hitting: RHB Stephen Johnson
|
0-0: Ball 1-0: Fly out, F4 (Line Drive, 4M)
|
Batting: LHB Brad Lawrence
|
0-0: Ball 1-0: Foul Ball, location: 2F 1-1: Ground out 4-3 (Groundball, 4) Broderick Terry to third
|
Batting: RHB Phil Terry
|
0-0: Fly out, F9 (Flyball, 9S)
|
Top of the 9th over - 0 run(s), 1 hit(s), 0 error(s), 1 left on base; Wilmington 4 - Port Royal 5 |
|